 Dungeon Crawl Stone Soup version 0.23-a0-650-ga4d50d4d25 (webtiles) character file.

114 d213c1o1 the Skirmisher (level 5, 0/42 HPs)
             Began as a Human Fighter on Jan 5, 2019.
             Succumbed to an adder's poison
             ... on level 3 of the Dungeon on Jan 6, 2019.
             The game lasted 00:37:34 (2416 turns).

d213c1o1 the Skirmisher (Human Fighter)             Turns: 2416, Time: 00:37:35

Health: 0/42       AC:  9    Str: 16    XL:     5   Next: 18%
Magic:  5/5        EV:  4    Int:  9    God:
Gold:   117        SH:  9    Dex: 13    Spells: 4/4 levels left

rFire    . . .     SeeInvis +   D - +0 falchion
rCold    . . .     Gourm    .   c - +0 shield
rNeg     . . .     Faith    .   j - +0 chain mail
rPois    .         Spirit   .   (no helmet)
rElec    .         Reflect  .   (no cloak)
rCorr    .         Harm     .   (no gloves)
MR       .....                  (no boots)
Stlth    ..........             (no amulet)
HPRegen  0.14/turn              K - ring of see invisible
MPRegen  0.09/turn              (no ring)

@: lethally poisoned (0 -> -1)
A: no striking features
a: no special abilities


You were on level 3 of the Dungeon.
You were not hungry.

You visited 1 branch of the dungeon, and saw 3 of its levels.

You collected 117 gold pieces.

Inventory:

Hand Weapons
 a - a +0 flail
 g - a +0 dagger
 o - a +0 dagger
 p - a +0 hand axe
 q - a +0 dagger
 t - a +0 club
 u - a cursed -2 club
 v - a +0 club
 w - a +0 club
 x - a +0 short sword
 A - a +0 dagger
 B - a +0 club
 D - a +0 falchion (weapon)
 E - a +0 dagger
 F - a +0 dagger
 G - a +0 club
 I - a +0 flail
 M - a +0 club
 Q - a +0 club
 R - a +0 club
 S - a +0 club
Missiles
 k - 42 stones (quivered)
 H - 16 sling bullets
 O - 14 poisoned needles
Armour
 b - a +0 scale mail
 c - a +0 shield (worn)
 e - a +0 robe
 j - a +0 chain mail (worn)
 m - a +0 leather armour
 s - a +0 shield
 J - a +0 leather armour
Jewellery
 K - a ring of see invisible (left hand)
Scrolls
 h - 2 scrolls of fear {unknown}
 l - 5 scrolls of remove curse {unknown}
 y - a scroll of blinking {unknown}
 z - a scroll of random uselessness {unknown}
 C - a scroll of identify {unknown}
 N - 2 scrolls of teleportation {unknown}
 P - a scroll of enchant armour {unknown}
Potions
 d - a potion of might
 i - 2 potions of invisibility {unknown}
 n - a potion of curing {unknown}
 r - a potion of agility
Comestibles
 f - 6 rations
 L - 6 chunks of flesh


   Skills:
 + Level 3.7 Fighting
 + Level 1.2 Long Blades
 + Level 2.6 Maces & Flails
 + Level 0.3 Throwing
 + Level 3.6 Armour
 + Level 0.6 Dodging
 + Level 3.4 Shields


You had 4 spell levels left.
You didn't know any spells.
Your spell library was empty.

Dungeon Overview and Level Annotations

Branches:
Dungeon (3/15)

Altars:

Annotations:
D:3 Robin


Message History

The adder bites you but does no damage.
You feel sick.
You feel sick. You block the adder's attack.
You feel sick. The adder bites you but does no damage.
You see here a hobgoblin skeleton.
You feel sick. You block the adder's attack.
Found a scroll labeled WEAMENLUEF.
You feel sick. The adder bites you but does no damage.
Found a whip.
You feel sick. The adder bites you but does no damage.
You feel sick. The adder barely misses you.
The adder bites you but does no damage.
Robin laughs in a distinctly smug fashion.
The adder bites you.
* * * LOW HITPOINT WARNING * * *
You die...

############ #..........#
#.......)..#
.#########..........#
.......@.Sg.........#
.#########..........# ...
..#..........# ...
#...#..........# ......
>..#####.###### . .....#
...##........# .. .....##...
#.>......# .(##### .......#.#
#........#
......###....#...###........#


You could see Robin and an adder.

Vanquished Creatures
  Terence (D:3)
  2 adders
  An ooze (D:2)
  2 worms (D:2)
  A dart slug (D:2)
  A leopard gecko (D:1)
  An orc (D:3)
  A giant cockroach (D:3)
  12 hobgoblins
  2 quokkas (D:2)
  A ball python (D:2)
  2 bats
  6 frilled lizards
  12 goblins
  5 kobolds
  7 rats
57 creatures vanquished.

Notes
Turn   | Place    | Note
-------+----------+-------------------------------------------
     0 | D:1      | d213c1o1 the Human Fighter began the quest for the Orb.
     0 | D:1      | Reached XP level 1. HP: 18/18 MP: 1/1
   470 | D:1      | Reached XP level 2. HP: 24/24 MP: 2/2
   932 | D:2      | Reached XP level 3. HP: 29/29 MP: 3/3
  1558 | D:2      | Reached XP level 4. HP: 17/36 MP: 4/4
  2323 | D:3      | Noticed Robin
  2326 | D:3      | Noticed Terence
  2336 | D:3      | Reached skill level 1 in Long Blades
  2374 | D:3      | Killed Terence
  2374 | D:3      | Reached XP level 5. HP: 22/42 MP: 5/5
  2415 | D:3      | HP: 1/42 [adder (4)]
  2416 | D:3      | Succumbed to an adder's poison

Vault maps used:
D:1:      wander_arrival_fairy_ring
D:3:      lemuel_round_altar, chequers_ecumenical_altar_simple, uniq_robin,
          uniq_grinder, uniq_terence, uniq_crazy_yiuf_cottage

Skill      XL: |  1  2  3  4 |
---------------+-------------+-----
Long Blades    | 1 |  1.2
Fighting       | |  3.7
Maces & Flails | |  2.6
Throwing       | |  0.3
Armour         | |  3.6
Dodging        | |  0.6
Shields        | |  3.4

Action                   |  1- 3 |  4- 6 || total
-------------------------+-------+-------++-------
Melee: Flail             |   101 |    20 ||   121
       Falchion          |    16 |   139 ||   155
Throw: Stone             |    55 |    19 ||    74
  Use: Scroll            |       |     1 ||     1
  Eat: Chunk             |     2 |     2 ||     4
       Ration            |       |     1 ||     1
Armor: Chain mail        |    58 |   108 ||   166
Dodge: Dodged            |    17 |    28 ||    45
Block: Shield            |    42 |    88 ||   130
       Rpst.: Falchion   |     1 |     7 ||     8

Table legend:
 A = Non-vault XP
 B = Vault XP
 C = Vault XP percentage of total XP
 D = Non-vault monster count
 E = Vault monster count
 F = Vault count percentage of total count
                 A         B        C        D         E       F
            +---------+---------+-------+---------+---------+-------
      Total |     104 |      59 |  36.2 |      44 |      13 |  22.8
            +---------+---------+-------+---------+---------+-------
        D:1 |      22 |       0 |   0.0 |      16 |       0 |   0.0
        D:2 |      57 |       0 |   0.0 |      21 |       0 |   0.0
        D:3 |      25 |      59 |  70.2 |       7 |      13 |  65.0
            +---------+---------+-------+---------+---------+-------
